 Dungeon Crawl Stone Soup version 0.21.1-1-g345015f (webtiles) character file.

5535 Kagorn the Grappler (level 10, -12/102 HPs)
             Began as a Troll Monk on June 20, 2018.
             Was a Priest of Wu Jian.
             Mangled by a shadow (25 damage)
             ... on level 8 of the Dungeon.
             The game lasted 01:02:43 (7272 turns).

Kagorn the Grappler (Troll Monk)                    Turns: 7272, Time: 01:02:45

Health: -12/102    AC:  8    Str: 24    XL:     10   Next: 43%
Magic:  0/9        EV:  8    Int:  8    God:    Wu Jian [***...]
Gold:   244        SH: 14    Dex: 12    Spells: 9/9 levels left

rFire    + . .     SeeInvis .   A - +0 scimitar (flame)
rCold    + . .     Gourm    +   s - +0 large shield
rNeg     + . .     Faith    .   p - +2 robe {MR+}
rPois    +         Spirit   +   (helmet restricted)
rElec    .         Reflect  .   N - +0 cloak
rCorr    .         Harm     .   (gloves unavailable)
MR       +....                  (boots unavailable)
Stlth    ++........             B - amulet of guardian spirit
HPRegen  0.67/turn              k - ring of ice
MPRegen  0.11/turn              o - ring of Noptiry {rPois rF++ rN+ Int+2}

@: no status effects
A: large, unfitting armour, claws 3, fast metabolism 3, gourmand, regeneration
1, shaggy fur 1, tough skin 2
a: Wall Jump, Serpent's Lash, Renounce Religion


You were on level 8 of the Dungeon.
You worshipped Wu Jian.
Wu Jian was most pleased with you.
You were completely stuffed.

You visited 2 branches of the dungeon, and saw 9 of its levels.

You collected 561 gold pieces.
You spent 317 gold pieces at shops.

Inventory:

Hand Weapons
 a - a +1 flail of draining
 r - a +0 giant spiked club
 A - a +0 scimitar of flaming (weapon)
 E - a +2 battleaxe of electrocution
 F - a +3 flail
Missiles
 g - 223 stones (quivered)
Armour
 p - a +2 robe of magic resistance (worn)
 s - a +0 large shield (worn)
 y - a +0 cloak
 H - a +0 robe
 N - a +0 cloak (worn)
Jewellery
 k - a ring of ice (left claw)
 o - the ring of Noptiry (right claw) {rPois rF++ rN+ Int+2}
   (You found it on level 7 of the Dungeon)

   [ring of poison resistance]

   It affects your intelligence (+2).
   It greatly protects you from fire.
   It protects you from poison.
   It protects you from negative energy.
 B - an amulet of guardian spirit (around neck)
 L - an uncursed ring of flight
Wands
 d - a wand of paralysis (25)
 m - a wand of polymorph (30)
 u - a wand of iceblast (9)
Scrolls
 e - 4 scrolls of teleportation
 h - a scroll of summoning {unknown}
 i - a scroll of enchant weapon {unknown}
 l - 2 scrolls of remove curse
 v - a scroll of holy word {unknown}
 w - 2 scrolls of fog
 x - 2 scrolls of magic mapping
 D - a scroll of identify
 J - 3 scrolls of torment {unknown}
 K - a scroll of fear {unknown}
Potions
 c - 4 potions of brilliance
 f - a potion of invisibility
 j - 2 potions of haste {unknown}
 n - 2 potions of curing {unknown}
 q - 4 potions of flight
 t - a potion of ambrosia {unknown}
 z - a potion of might
 C - a potion of lignification {unknown}
Comestibles
 b - 20 rations
 G - 6 chunks of flesh


   Skills:
 * Level 7.3 Fighting
 + Level 3.7 Armour
 + Level 5.3 Dodging
 + Level 3.7 Stealth
 + Level 3.7 Shields
 * Level 8.8 Unarmed Combat


You had 9 spell levels left.
You didn't know any spells.

Dungeon Overview and Level Annotations

Branches:
Dungeon (8/15)             Temple (1/1) D:5            Lair (0/6) D:8

Altars:
Ashenzari
Cheibriados
Dithmenos
Elyvilon
Fedhas
Gozag
Hepliaklqana
Kikubaaqudgha
Makhleb
Nemelex Xobeh
Okawaru
Qazlal
Ru
Sif Muna
Trog
Uskayaw
Vehumet
Wu Jian
Xom
Yredelemnul
Zin
The Shining One

Shops:
D:6 =*(}[

Annotations:
D:5 1 runed door


Innate Abilities, Weirdness & Mutations

You are too large for most types of armour.
You have claws for hands.
Your metabolism is lightning-fast.
You like to eat raw meat.
Your natural rate of healing is unusually fast.
You are covered in fur. (AC +1)
You have very tough skin. (AC +2)


Message History

Things that are here:
an uncursed longbow; 7 arrows
There is an open door here.
You see here an arrow.
You see here an arrow.
You see here the +4 war axe "Killer Klown's Foe" {flame, *Slow rElec rPois Int+2}.
The shadow slips into darkness.
The shadow flickers and vanishes!
Deactivating autopickup; reactivate with Ctrl-A.
The shadow strikes at you from the darkness!
* * * LOW HITPOINT WARNING * * *
Reactivating autopickup.
The shadow slips into darkness.
The shadow flickers and vanishes!
Deactivating autopickup; reactivate with Ctrl-A.
You have no room to wall jump there; something you can't see is in the way.
You have no room to wall jump there; something you can't see is in the way.
You have no room to wall jump there; something you can't see is in the way.
The shadow strikes at you from the darkness!
You die...

#...'...#...#.#........... ..#
#...#).?#...#.#.#...##### ####
##'###### #.#.#.#.### #...
###...#...#
#.#...#...######.##
..#.).....# #...#####........#
###...#...#
#.#...#...###.##### ##(######
#.....#...........†
#(##.#########.#...#####>#####
#...).......{@.##### ###
################


There were no monsters in sight!

Vanquished Creatures
  A centaur warrior (D:8)
  The ghost of tidbits the Charmwright, a novice GnSk of Cheibriados (D:7)
  Maurice (D:8)
  An efreet (D:8)
  Grinder (D:5)
  The ghost of tidbits the Grave Robber, an amateur GnNe (D:6)
  A spriggan (D:8)
  A wyvern (D:8)
  Edmund (D:4)
  2 wargs (D:8)
  3 orc warriors
  A black bear (D:6)
  2 ice beasts
  A sky beast (D:5)
  A phantom (D:4)
  The ghost of tidbits the Charmwright, an amateur GnSk (D:4)
  2 ogres
  A centaur (D:5)
  A gnoll sergeant (D:7)
  A bullfrog (D:6)
  2 scorpions (D:8)
  A water moccasin skeleton (D:7)
  5 wights (D:7)
  2 howler monkeys
  A jelly (D:8)
  5 crimson imps
  2 hounds (D:6)
  3 orc priests
  2 bullfrog skeletons
  A centaur skeleton (D:4)
  Jessica (D:3)
  2 iguanas
  Ijyb (D:3)
  A gnoll shaman (D:7)
  6 orc wizards
  5 worker ants
  A hound zombie (D:5)
  Robin (D:3)
  12 gnolls
  6 adders
  A shadow imp (D:5)
  An ooze (D:5)
  6 worms
  4 dart slugs
  6 leopard geckos
  23 orcs
  4 giant cockroaches
  11 goblins
  18 hobgoblins
  8 jackals
  2 quokkas
  9 bats
  6 frilled lizards
  A jackal skeleton (D:7)
  14 kobolds
  A leopard gecko skeleton (D:4)
  2 quokka skeletons
  4 rats
206 creatures vanquished.

Notes
Turn   | Place    | Note
-------+----------+-------------------------------------------
     0 | D:1      | Kagorn the Troll Monk began the quest for the Orb.
     0 | D:1      | Reached XP level 1. HP: 22/22 MP: 0/0
   173 | D:1      | Reached XP level 2. HP: 29/29 MP: 1/1
   477 | D:2      | Reached XP level 3. HP: 36/36 MP: 2/2
  1048 | D:2      | Reached XP level 4. HP: 45/45 MP: 3/3
  1268 | D:3      | Reached skill level 4 in Unarmed Combat
  1272 | D:3      | HP: 1/45 [gnoll (5)]
  1406 | D:3      | Noticed Robin
  1430 | D:3      | Reached XP level 5. HP: 45/53 MP: 4/4
  1454 | D:3      | Killed Robin
  1729 | D:3      | Noticed Jessica
  1755 | D:3      | Killed Jessica
  1897 | D:3      | Noticed Ijyb
  1909 | D:3      | Killed Ijyb
  1955 | D:3      | Reached XP level 6. HP: 41/62 MP: 5/5
  2402 | D:4      | Noticed Edmund
  2422 | D:4      | Killed Edmund
  2422 | D:4      | Reached skill level 5 in Unarmed Combat
  2471 | D:4      | Noticed tidbits's ghost (amateur GnSk)
  2512 | D:4      | Killed tidbits's ghost
  2583 | D:4      | Reached XP level 7. HP: 70/70 MP: 6/6
  3073 | D:5      | Entered Level 5 of the Dungeon
  3088 | D:5      | Noticed Grinder
  3100 | D:5      | Killed Grinder
  3100 | D:5      | Reached skill level 1 in Armour
  3100 | D:5      | Reached skill level 1 in Shields
  3100 | D:5      | Reached skill level 6 in Unarmed Combat
  3100 | D:5      | Reached XP level 8. HP: 58/79 MP: 7/7
  3159 | D:5      | Reached skill level 5 in Fighting
  3225 | D:5      | Found a staircase to the Ecumenical Temple.
  3239 | Temple   | Entered the Ecumenical Temple
  3340 | Temple   | Became a worshipper of the Wu Jian Council
  3340 | Temple   | Reached * piety under Wu Jian
  3340 | Temple   | Reached ** piety under Wu Jian
  3595 | D:5      | Found a white marble altar of Elyvilon.
  3597 | D:5      | Found a runed door.
  3597 | D:5      | Noticed an angel
  4071 | D:6      | Found Ytrampo's Gadget Emporium.
  4172 | D:5      | HP: 1/80 [orc wizard/magic dart (9)]
  4408 | D:6      | Found Nouguok's Antique Armour Emporium.
  4435 | D:6      | Noticed tidbits's ghost (amateur GnNe)
  4445 | D:6      | Killed tidbits's ghost
  4451 | D:6      | Bought a cloak for 121 gold pieces
  4578 | D:6      | Found Zisi's General Store.
  4599 | D:6      | Bought a potion of might for 56 gold pieces
  4599 | D:6      | Bought a scroll of identify for 28 gold pieces
  4599 | D:6      | Bought a scroll of remove curse for 42 gold pieces
  4599 | D:6      | Bought a potion of heal wounds for 70 gold pieces
  4622 | D:6      | Found a hide-covered altar of Uskayaw.
  4693 | D:6      | Reached skill level 7 in Unarmed Combat
  4736 | D:6      | Reached XP level 9. HP: 86/89 MP: 8/8
  5154 | D:6      | Found Uduqup's Weapon Emporium.
  5171 | D:6      | Found Maho Peo's Jewellery Shoppe.
  5690 | D:7      | Noticed tidbits's ghost (novice GnSk)
  5740 | D:7      | Killed tidbits's ghost
  5850 | D:7      | Found a hazy altar of Hepliaklqana.
  5857 | D:7      | Got a scintillating platinum ring
  5871 | D:7      | Identified the ring of Noptiry {rPois rF++ rN+ Int+2} (You found it on level 7 of the Dungeon)
  6582 | D:8      | Found a staircase to the Lair.
  6604 | D:8      | Reached skill level 8 in Unarmed Combat
  6605 | D:8      | Reached *** piety under Wu Jian
  6677 | D:8      | Reached skill level 5 in Dodging
  6795 | D:8      | Noticed Maurice
  6804 | D:8      | Reached XP level 10. HP: 100/100 MP: 9/9
  6818 | D:8      | Killed Maurice
  7131 | D:8      | Got a steaming war axe
  7132 | D:8      | Identified the +4 war axe "Killer Klown's Foe" {flame, *Slow rElec rPois Int+2} (You found it on level 8 of the Dungeon)
  7137 | D:8      | Noticed a centaur warrior
  7143 | D:8      | Killed a centaur warrior
  7272 | D:8      | Mangled by a shadow

Skill      XL: |  1  2  3  4  5  6  7  8  9 10 |
---------------+-------------------------------+-----
Fighting       | 3 4 5 6 7 |  7.3
Unarmed Combat | 4 5 6 7 8 |  8.8
Dodging        | 3 4 5 |  5.3
Stealth        | 2 3 |  3.7
Armour         | 1 2 3 |  3.7
Shields        | 1 2 3 |  3.7

Action                   |  1- 3 |  4- 6 |  7- 9 | 10-12 || total
-------------------------+-------+-------+-------+-------++-------
Melee: Unarmed           |   106 |   165 |   429 |    34 ||   734
       Punch             |     1 |     5 |       |       ||     6
       Short sword       |       |    38 |       |       ||    38
       Giant spiked club |       |       |    12 |       ||    12
       Scimitar          |       |       |       |    14 ||    14
Invok: Whirlwind         |       |       |    45 |     1 ||    46
       Wall Jump         |       |       |    14 |       ||    14
       Lunge             |       |       |    23 |     5 ||    28
  Use: Scroll            |       |     9 |     7 |     2 ||    18
       Potion            |       |       |       |     1 ||     1
 Stab: Sleeping          |       |     1 |     6 |     3 ||    10
       Distracted        |       |       |     1 |       ||     1
  Eat: Chunk             |    11 |    12 |    43 |     4 ||    70
       Ration            |     1 |       |       |       ||     1
Armor: Robe              |    61 |    83 |   113 |     4 ||   261
Dodge: Dodged            |    63 |   126 |   106 |     5 ||   300
Block: Large shield      |       |       |   249 |    20 ||   269
       Rpst.: Scimitar   |       |       |       |     1 ||     1
